 Dungeon Crawl Stone Soup version 0.31-a0-115-g4708a659fe (webtiles) character file.

Game seed: 2910049182143794743

35302 Drazool the Carver (level 13, 0/103 HPs)
             Began as a Naga Hunter on May 29, 2023.
             Was the Champion of Cheibriados.
             Slain by a vampire mosquito (6 damage)
             ... on level 5 of the Lair of Beasts.
             The game lasted 00:49:56 (13373 turns).

Drazool the Carver (Naga Hunter)                   Turns: 13373, Time: 00:49:57

Health: 0/103      AC: 11    Str: 28    XL:     13   Next: 83%
Magic:  20/20      EV: 11    Int: 24    God:    Cheibriados [******]
Gold:   547        SH:  0    Dex: 42    Spells: 12/12 levels left

rFire   . . .        b - +8 great sword
rCold   + . .        (shield currently unavailable)
rNeg    . . .        w - +0 troll leather armour
rPois   +            I - +2 helmet
rElec   .            (no cloak)
rCorr   .            (no gloves)
SInv    +            (no barding)
Will    +....        j - amulet of regeneration
Stlth   +++          C - ring of protection from cold
HPRegen 1.97/turn    D - +6 ring of dexterity
MPRegen 0.17/turn

%: no passive effects
@: lethally poisoned (0 -> 0), very slow
A: AC +4, large, see invisible, deformed body, poison resistance, slowness 2,
spit poison 1, naga tail 2
a: Spit Poison, Renounce Religion, Bend Time, Temporal Distortion, Slouch, Step
From Time


You were on level 5 of the Lair of Beasts.
You worshipped Cheibriados.
Cheibriados was exalted by your worship.
You visited 3 branches of the dungeon, and saw 16 of its levels.

You collected 938 gold pieces.
You spent 391 gold pieces at shops.


Innate Abilities, Weirdness & Mutations

Your serpentine skin is tough. (AC +4)
You have supernaturally acute eyesight. (SInv)
Armour fits poorly on your strangely shaped body.
Your system is resistant to poisons. (rPois)
You cover ground very slowly.
You can spit poison.
You can use your snake-like lower body to constrict enemies.


   Skills:
 - Level 3.2 Fighting
 - Level 13.9 Long Blades
 - Level 11.4 Ranged Weapons
 + Level 9.6 Armour
 - Level 1.7 Dodging
 - Level 1.5 Stealth
 - Level 10.1 Invocations
 - Level 1.2 Evocations


You had 12 spell levels left.
You didn't know any spells.
Your spell library contained the following spells:

 Spells                   Type           Power      Damage    Failure   Level
 Beastly Appendage        Tmut           0%         N/A       16%         1
 Kiss of Death            Conj/Necr      0%         2d5       16%         1
 Sting                    Tmut/Pois      0%         1d3       16%         1
 Cigotuvi's Dreadful Rot  Necr/Pois/Air  0%         N/A       24%         2
 Sublimation of Blood     Necr           0%         N/A       24%         2
 Wereblood                Tmut           0%         N/A       24%         2
 Confusing Touch          Hex            0%         N/A       43%         3
 Spider Form              Tmut/Pois      0%         N/A       43%         3
 Dispel Undead            Necr           0%         3d6       85%         4
 Manifold Assault         Tloc           0%         N/A       85%         4
 Olgreb's Toxic Radiance  Pois           0%         N/A       85%         4
 Conjure Ball Lightning   Conj/Air       0%         3x3d6     100%        6
 Dispersal                Tloc           0%         N/A       100%        6
 Simulacrum               Ice/Necr       0%         N/A       100%        6
 Ozocubu's Refrigeration  Ice            0%         4d7       100%        7
 Summon Hydra             Summ           0%         N/A       100%        7
 Discord                  Hex            0%         N/A       100%        8
 Disjunction              Tloc           0%         N/A       100%        8
 Polar Vortex             Ice            0%         N/A       100%        9

Inventory:

Hand Weapons
 a - a +0 orcbow
 b - a +8 great sword (weapon)
 p - a +2 short sword of draining
 B - a +3 falchion
 K - a +0 shortbow
Missiles
 x - 4 poisoned darts
 H - 4 throwing nets {=f}
 O - a curare-tipped dart {=f}
Armour
 c - a +0 leather armour
 w - a +0 troll leather armour (worn)
 I - a +2 helmet (worn)
 N - a +1 cloak
Magical Staves
 Q - a staff of cold {!a}
Jewellery
 d - a +6 ring of dexterity
 f - an amulet of guardian spirit
 j - an amulet of regeneration (around neck)
 s - an amulet of faith {!P}
 C - a ring of protection from cold (left hand)
 D - a +6 ring of dexterity (right hand)
 F - a ring of fire
 T - a +4 ring of protection
Wands
 e - a wand of polymorph (5)
 o - a wand of roots (22)
 J - a wand of flame (8)
 M - a wand of mindburst (16)
 S - a wand of paralysis (3)
Scrolls
 h - a scroll of fog
 k - 4 scrolls of immolation
 l - 3 scrolls of poison
 m - 4 scrolls of teleportation {@r2}
 n - a scroll of vulnerability
 r - a scroll of butterflies
 v - a scroll of torment
 y - a scroll of amnesia
 V - a scroll of blinking {unknown}
 Y - a scroll of identify {@r1}
Potions
 i - 5 potions of might
 q - 6 potions of ambrosia
 t - a potion of magic
 u - 3 potions of haste {@q3}
 z - 2 potions of mutation
 A - a potion of lignification {unknown}
 E - a potion of resistance
 G - a potion of curing {@q1}
 L - 2 potions of attraction {unknown}
 P - a potion of brilliance
 R - 2 potions of invisibility {unknown}
 W - 4 potions of berserk rage {!q}
 X - 2 potions of enlightenment {unknown}
Miscellaneous
 U - a box of beasts

Dungeon Overview and Level Annotations

Branches:
Dungeon (10/15)            Temple (1/1) D:7            Lair (5/5) D:9
 Shoals (0/4) Lair:2        Snake (0/4) Lair:2        Slime (0/5) Lair:4
    Orc: D:9-12

Altars:
Ashenzari
Cheibriados
Dithmenos
Elyvilon
Fedhas
Gozag
Makhleb
Nemelex Xobeh
Okawaru
Qazlal
Ru
Sif Muna
Trog
Uskayaw
Vehumet
Wu Jian
Xom
Yredelemnul
Zin
The Shining One
Jiyva

Shops:
D:1 !   D:3 *

Annotations:
D:4 exclusion: phantom
Lair:4 1 runed translucent door, LobsterGuardian's ghost, journeyman OpHW

..# ..# ##..
##P.#
######..$#
.........####
............##
.......F.....##
......y@......#
......†..†<..##
.#......#..#.#
###....#.#.##
........###
..........
....#...P..
..##.#####.


You could see a cane toad and a vampire mosquito.


Message History

You constrict the cane toad. The cane toad stings you.
You are poisoned.
The cane toad poisons you! The cane toad stings you!
The lindwurm breathes flames at you. The blast of flame hits you!!
* * * LOW HITPOINT WARNING * * *
Unknown command.
You slice the lindwurm!!
You kill the lindwurm!
Cheibriados thoroughly appreciates the change of pace.
You constrict the cane toad!
You feel very sick.
The cane toad stings you but does no damage. x2
The cane toad stings you.
* * * LOW HITPOINT WARNING * * *
You slash the cane toad!
You kill the cane toad!
Cheibriados thoroughly appreciates the change of pace.
You feel sick. The cane toad stings you!!
* * * LOW HITPOINT WARNING * * *
You slice the cane toad!! Your grab misses the cane toad.
The cane toad is heavily wounded.
You feel sick.
The vampire mosquito closely misses you.
The cane toad stings you!
* * * LOW HITPOINT WARNING * * *
You barely miss the cane toad. You grab the cane toad.
The cane toad is heavily wounded.
You constrict the cane toad.
You feel sick. The vampire mosquito bites you.
You die...

Skill      XL: |  1  2  3  4  5  6  7  8  9 10 11 12 13 |
---------------+----------------------------------------+-----
Ranged Weapons | 4 5 6 7 8 10 11 | 11.4
Invocations    | 7 10 | 10.1
Fighting       | 3 |  3.2
Evocations     | 1 |  1.2
Long Blades    | 5 11 13 | 13.9
Armour         | 4 9 |  9.6
Dodging        | |  1.7
Stealth        | |  1.5

Action                     |  1- 3 |  4- 6 |  7- 9 | 10-12 | 13-15 || total
---------------------------+-------+-------+-------+-------+-------++-------
  Melee: Unarmed           |       |     5 |       |       |       ||     5
         Short sword       |       |    16 |    63 |   100 |     7 ||   186
         Great sword       |       |       |       |   337 |   128 ||   465
         Punch             |       |       |       |     2 |       ||     2
         Constrict         |       |       |       |       |    35 ||    35
   Fire: Shortbow          |    81 |   107 |   236 |   100 |       ||   524
         Orcbow            |       |       |       |    35 |     1 ||    36
  Throw: Dart              |       |       |       |    12 |     4 ||    16
 Invoke: Slouch            |       |       |       |     3 |     1 ||     4
Ability: Spit Poison       |     4 |     6 |     9 |    41 |    28 ||    88
  Evoke: Wand              |       |     1 |     3 |    12 |       ||    16
    Use: Scroll            |       |     7 |     6 |    10 |     1 ||    24
         Potion            |       |       |     1 |     5 |     5 ||    11
   Stab: Sleeping          |       |       |       |     1 |     2 ||     3
         Distracted        |       |       |       |     1 |     2 ||     3
 Armour: Leather armour    |     7 |    16 |    47 |    69 |       ||   139
         Troll leather arm |       |       |       |   162 |    59 ||   221
  Dodge: Dodged            |    15 |    32 |   100 |   370 |    64 ||   581

Levels and vault maps discovered:
D:1:      kennysheep_arrival_seaside, layout_loops_ring, serial_shops, shop,
          shapermc_ecumenical_altar_mp_urbaneastern, hex_tiny
D:2:      layout_rooms, basic_altar, chequers_decorated_corner
D:3:      layout_basic, overflow_temple_1_default, serial_forest,
          infiniplex_forest_straight_3, infiniplex_forest_lined_4_way,
          infiniplex_forest_zigzag_1, infiniplex_forest_clump_double,
          infiniplex_forest_corner_1, infiniplex_forest_straight_3,
          infiniplex_forest_lined_2, serial_shops, shop
D:4:      layout_layer_cave, serial_bayou_pond_b, kennysheep_pointless_box,
          uniq_ijyb
D:5:      layout_basic
D:6:      layout_gridville
D:7:      layout_cave_pools, minmay_temple_entry_slanted
D:8:      layout_rooms, mainiacjoe_overflow_alcove_4, uniq_joseph
D:9:      layout_loops_ring, nzn_wu_jian_council_hall,
          grunt_lair_entry_orc_guard_hut, lightli_fourway_metalbox
D:10:     layout_rooms, minmay_overflow_temple_star_quad, st_stairs_1
Temple:   nicolae_temple_x_marks_the_god
Lair:1:   layout_gridlike, special_room [special_room_bee], serial_bayou_ford_a,
          guppyfry_lair_drakes, serial_bayou_shore_b
Lair:2:   layout_regular_city, minmay_shoals_entry_hut,
          guppyfry_snake_entry_island, roderic_carrion_pond,
          uniq_prince_ribbit2, uniq_amaemon
Lair:3:   layout_chaotic_city, st_stairs_9, kilobyte_rumbling_trees,
          serial_bayou_shore_b, serial_bayou_shore_b, infiniplex_staircase_pool
Lair:4:   layout_long_grid, slime_entry_1, ebering_ghost_inner_flame
Lair:5:   minmay_lair_end_frog_pond, layout_gridlike, basic_altar

Notes
Turn   | Place    | Note
-------+----------+-------------------------------------------
     0 | D:1      | Drazool the Naga Hunter began the quest for the Orb.
     0 | D:1      | Reached XP level 1. HP: 19/19 MP: 1/1
    54 | D:1      | Found a faded altar of an unknown god.
   110 | D:1      | Reached skill level 4 in Ranged Weapons
   110 | D:1      | Reached XP level 2. HP: 25/26 MP: 2/2
   262 | D:1      | Found Noerekop's Distillery.
   369 | D:1      | Reached XP level 3. HP: 29/32 MP: 3/3
   976 | D:2      | Found a shimmering blue altar of Sif Muna.
  1276 | D:3      | Reached skill level 5 in Ranged Weapons
  1276 | D:3      | Reached XP level 4. HP: 39/39 MP: 4/4
  1401 | D:3      | Found Wetiz's General Store.
  1409 | D:3      | Bought a scroll of poison for 40 gold pieces
  1409 | D:3      | Bought a scroll of butterflies for 40 gold pieces
  1409 | D:3      | Bought a potion of heal wounds for 50 gold pieces
  1502 | D:3      | Found a blossoming altar of Fedhas.
  1984 | D:4      | Noticed Ijyb
  2129 | D:4      | Killed Ijyb
  2130 | D:4      | Reached XP level 5. HP: 33/45 MP: 5/5
  2169 | D:4      | Noticed a phantom
  2361 | D:4      | Reached skill level 6 in Ranged Weapons
  2518 | D:4      | Reached XP level 6. HP: 50/52 MP: 6/6
  2715 | D:4      | You fall into a shaft and drop 3 floors!
  2746 | D:7      | Noticed a wyvern
  2754 | D:7      | Killed a wyvern
  2755 | D:7      | Reached skill level 7 in Ranged Weapons
  2805 | D:7      | Reached XP level 7. HP: 60/60 MP: 7/7
  2812 | D:7      | Reached skill level 8 in Ranged Weapons
  2946 | D:5      | Entered Level 5 of the Dungeon
  3174 | D:4      | Reached XP level 8. HP: 62/67 MP: 8/8
  3357 | D:4      | Reached skill level 9 in Ranged Weapons
  3865 | D:5      | Noticed a wyvern
  3892 | D:5      | Killed a wyvern
  4142 | D:5      | Reached skill level 10 in Ranged Weapons
  4792 | D:6      | Reached XP level 9. HP: 71/73 MP: 9/9
  4877 | D:6      | Reached skill level 11 in Ranged Weapons
  5186 | D:7      | Found a staircase to the Ecumenical Temple.
  5195 | Temple   | Entered the Ecumenical Temple
  5224 | Temple   | Became a worshipper of Cheibriados the Contemplative
  5324 | D:7      | Reached skill level 1 in Invocations
  5356 | D:7      | Reached skill level 2 in Invocations
  5754 | D:1      | Bought a potion of resistance for 110 gold pieces
  5754 | D:1      | Bought a potion of curing for 33 gold pieces
  5754 | D:1      | Bought a potion of mutation for 88 gold pieces
  5911 | D:7      | Reached skill level 3 in Invocations
  5965 | D:8      | Reached skill level 4 in Invocations
  5966 | D:8      | Reached skill level 5 in Invocations
  5967 | D:8      | Reached skill level 6 in Invocations
  5969 | D:8      | Reached skill level 7 in Invocations
  5969 | D:8      | Reached XP level 10. HP: 44/81 MP: 11/15
  5969 | D:8      | Reached * piety under Cheibriados
  5980 | D:7      | Reached skill level 8 in Invocations
  6038 | D:8      | Noticed Joseph
  6263 | D:7      | Reached skill level 9 in Invocations
  6331 | D:7      | Killed Joseph
  6621 | D:8      | Reached ** piety under Cheibriados
  6734 | D:8      | Reached skill level 10 in Invocations
  6744 | D:8      | Found a burning altar of Makhleb.
  7092 | D:9      | Found an ornate altar of the Wu Jian Council.
  7188 | D:9      | Reached skill level 3 in Fighting
  7188 | D:9      | Reached skill level 1 in Evocations
  7261 | D:9      | Reached skill level 1 in Long Blades
  7437 | D:9      | Reached skill level 2 in Long Blades
  7440 | D:9      | Reached skill level 3 in Long Blades
  7604 | D:9      | Reached skill level 4 in Long Blades
  7694 | D:9      | Found a staircase to the Lair.
  7842 | D:9      | Reached skill level 5 in Long Blades
  7845 | D:9      | Reached XP level 11. HP: 69/90 MP: 18/18
  8032 | D:10     | Entered Level 10 of the Dungeon
  8110 | D:10     | Reached *** piety under Cheibriados
  8111 | D:10     | Reached skill level 6 in Long Blades
  8488 | D:10     | Reached skill level 7 in Long Blades
  8491 | D:10     | Found a glowing golden altar of the Shining One.
  8498 | D:10     | Found a shadowy altar of Dithmenos.
  8503 | D:10     | Found a sparkling altar of Nemelex Xobeh.
  8575 | Lair:1   | Entered Level 1 of the Lair of Beasts
  8603 | Lair:1   | Reached skill level 8 in Long Blades
  8661 | Lair:1   | Reached skill level 9 in Long Blades
  8707 | Lair:1   | Reached **** piety under Cheibriados
  8895 | Lair:1   | Reached skill level 10 in Long Blades
  9151 | D:3      | Bought 5 poisoned darts for 30 gold pieces
  9494 | Lair:1   | Reached skill level 11 in Long Blades
  9517 | Lair:1   | Reached XP level 12. HP: 52/97 MP: 19/19
 10014 | Lair:2   | Noticed Prince Ribbit
 10030 | Lair:2   | Killed Prince Ribbit
 10032 | Lair:2   | Reached skill level 12 in Long Blades
 10261 | Lair:2   | Identified the +1 ring mail "Reylad" {Fly rC- Str+3 Int+3}
 10375 | Lair:2   | Found a staircase to the Snake Pit.
 10395 | Lair:2   | Reached skill level 13 in Long Blades
 10399 | Lair:2   | Noticed Amaemon
 10408 | Lair:2   | Killed Amaemon
 10415 | Lair:2   | Reached ***** piety under Cheibriados
 10621 | Lair:2   | Got Sif Muna's Omnibus of the Queen Bee
 10690 | Lair:2   | Found a staircase to the Shoals.
 11127 | Lair:3   | Reached skill level 1 in Armour
 11132 | Lair:3   | Reached skill level 2 in Armour
 11262 | Lair:3   | Reached skill level 3 in Armour
 11371 | Lair:3   | Reached skill level 4 in Armour
 11379 | Lair:3   | Gained mutation: You can use your snake-like lower body to
                  | constrict enemies. [Naga growth]
 11379 | Lair:3   | Reached XP level 13. HP: 58/103 MP: 20/20
 11428 | Lair:3   | Reached skill level 5 in Armour
 12076 | Lair:4   | Reached skill level 6 in Armour
 12098 | Lair:4   | Reached ****** piety under Cheibriados
 12099 | Lair:4   | Reached skill level 7 in Armour
 12188 | Lair:4   | Found a viscous altar of Jiyva.
 12189 | Lair:4   | Found a staircase to the Slime Pits.
 12218 | Lair:4   | Reached skill level 8 in Armour
 12419 | Lair:4   | Found a runed translucent door.
 12424 | Lair:4   | Noticed LobsterGuardian's ghost (journeyman OpHW)
 12854 | Lair:4   | Reached skill level 9 in Armour
 13016 | Lair:5   | Entered Level 5 of the Lair of Beasts
 13026 | Lair:4   | HP: 4/103 [cane toad (16)]
 13372 | Lair:5   | HP: 6/103 [cane toad (14)]
 13373 | Lair:5   | Slain by a vampire mosquito

Vanquished Creatures
  A hydra (Lair:4)
  3 death yaks (Lair:4)
  Amaemon (Lair:2)
  A skyshark (Lair:4)
  A lindwurm (Lair:5)
  A wolf spider (Lair:4)
  3 black mambas
  6 elephants
  Joseph (D:7)
  An orange demon (Lair:2)
  12 cane toads
  A gargoyle (D:10)
  A komodo dragon (Lair:1)
  2 rime drakes (Lair:4)
  A troll (D:9)
  A queen bee (Lair:1)
  3 polar bears
  Prince Ribbit (Lair:2)
  13 blink frogs
  7 dream sheep (Lair:4)
  A snapping turtle (Lair:2)
  A shadow (D:9)
  A vampire (D:9)
  2 basilisks
  48 yaks
  A wraith (D:10)
  6 wyverns
  2 vampire mosquitoes (D:10)
  2 nagas (Lair:2)
  9 water moccasins
  5 black bears
  2 ice beasts (D:6)
  An ogre (D:5)
  3 orc warriors
  4 boggarts (Lair:3)
  17 wolves
  3 centaurs
  2 phantoms
  A kobold brigand (D:7)
  21 bullfrogs
  3 necrophages (Lair:2)
  A gnoll sergeant (D:8)
  3 scorpions
  17 wights
  25 killer bees (Lair:1)
  2 howler monkeys (D:10)
  2 electric eels
  7 orc priests
  3 hounds
  2 sleepcaps
  Ijyb (D:4)
  An iguana (D:6)
  5 orc wizards
  14 adders
  8 gnolls
  2 white imps (D:6)
  3 dart slugs
  18 orcs
  4 ball pythons
  7 bats
  5 endoplasms
  A giant cockroach (D:2)
  16 hobgoblins
  6 quokkas
  A frilled lizard (D:1)
  7 goblins
  13 kobolds
  6 rats
376 creatures vanquished.

Table legend: (Time is in decaauts)
 A = Elapsed time spent in this place.
 B = Non-inter-level travel time spent in this place.
 C = Inter-level travel time spent in this place.
 D = Time resting spent in this place.
 E = Time spent auto-exploring this place.
 F = Levels seen in this place.
 G = Mean time per level.
                   A        B        C        D        E       F      G
               +--------+--------+--------+--------+--------+-----+--------+
         Total |  22625 |  19570 |   3055 |   1095 |  15163 |  16 | 1414.1 |
       Dungeon |  13354 |  11109 |   2245 |    622 |   8590 |  10 | 1335.4 |
        Temple |     58 |     26 |     32 |      0 |     21 |   1 |   58.0 |
          Lair |   9212 |   8435 |    777 |    472 |   6551 |   5 | 1842.4 |
               +--------+--------+--------+--------+--------+-----+--------+

Top non-repeatable levels by time:
  Lair:4: 2840 daAuts
  Lair:1: 2179 daAuts
     D:9: 2153 daAuts
  Lair:2: 2086 daAuts
  Lair:3: 2073 daAuts
     D:4: 1932 daAuts
     D:7: 1582 daAuts
     D:5: 1567 daAuts
     D:3: 1363 daAuts
     D:1: 1165 daAuts
     D:8: 1153 daAuts
    D:10: 964 daAuts
     D:6: 843 daAuts
     D:2: 629 daAuts
  Temple: 58 daAuts

Table legend:
 A = Non-vault XP
 B = Vault XP
 C = Vault XP percentage of total XP
 D = Non-vault monster count
 E = Vault monster count
 F = Vault count percentage of total count
                 A         B        C        D         E       F
            +---------+---------+-------+---------+---------+-------
      Total |   39851 |   10581 |  21.0 |     303 |      73 |  19.4
            +---------+---------+-------+---------+---------+-------
        D:1 |      44 |       0 |   0.0 |      28 |       0 |   0.0
        D:2 |      18 |       0 |   0.0 |      10 |       0 |   0.0
        D:3 |     101 |       0 |   0.0 |      21 |       0 |   0.0
        D:4 |     203 |     162 |  44.4 |      22 |       4 |  15.4
        D:5 |     843 |       0 |   0.0 |      14 |       0 |   0.0
        D:6 |     925 |       0 |   0.0 |      14 |       0 |   0.0
        D:7 |    1994 |     471 |  19.1 |      30 |       1 |   3.2
        D:8 |    1923 |       0 |   0.0 |      23 |       0 |   0.0
        D:9 |    1855 |    1128 |  37.8 |      12 |       9 |  42.9
       D:10 |    1002 |     327 |  24.6 |       9 |       2 |  18.2
     Lair:1 |    5498 |    2635 |  32.4 |      21 |      30 |  58.8
     Lair:2 |    5165 |    3413 |  39.8 |      25 |      14 |  35.9
     Lair:3 |    5297 |    1268 |  19.3 |      27 |       9 |  25.0
     Lair:4 |   13706 |     681 |   4.7 |      44 |       2 |   4.3
     Lair:5 |    1277 |     496 |  28.0 |       3 |       2 |  40.0
            +---------+---------+-------+---------+---------+-------
